AoeStats
← bru ofcris

Black Forest

510637960Analyzed
4v4 RM · 1d ago on Oct 1, 2026· 40m 38s· 8 players
Game mode
Random Map
Map size
Large (8 player)
Population
200
Speed
Normal
Resources
Standard
Victory
Conquest
Starting age
Dark Age
Ending age
Imperial Age
RankedLock teamsTeams togetherTeam positionsShared explorationLock speedFull tech treeHidden civsTurbo modeCheats
Victory
Defeat
🇩🇪 Wu · Germany
957
+11
🇫🇷 Celts · France
956
+11
🇩🇪 Bengalis · Germany
928
+12
🇦🇷 Franks · Argentina
889
+15
🇫🇷 Franks · France
893
-34
🇹🇷 Mongols · Türkiye
863
-13
🇫🇷 Lithuanians · France
838
-20
🇷🇴 Malians · Romania
799
-10
xbarter
0:35 Loom
13:13 Feudal Age
15:52 Horse Collar
16:01 Double-Bit Axe
23:12 Castle Age
21:13 Stone Mining
23:33 Bloodlines
24:41 Elite Skirmisher
26:56 Nomads
27:13 Bow Saw
29:08 Fletching
29:20 Padded Archer Armor
31:39 Heavy Plow
33:14 Caravan
33:57 Thumb Ring
34:01 Bodkin Arrow
35:34 Husbandry
38:31 Leather Archer Armor
38:22 Scale Barding Armor
39:19 Ballistics
INOX
3:38 Loom
14:23 Feudal Age
14:50 Double-Bit Axe
14:48 Horse Collar
15:48 Wheelbarrow
18:16 Wheelbarrow
22:58 Castle Age
23:15 Stone Mining
24:29 Hand Cart
29:04 Bow Saw
29:31 Husbandry
32:45 Bloodlines
WarZzEnTer
14:59 Feudal Age
21:20 Castle Age
30:26 Double-Bit Axe
31:22 Bow Saw
31:07 Stone Mining
Tataia
11:58 Feudal Age
10:14 Loom
13:01 Horse Collar
13:09 Double-Bit Axe
17:11 Castle Age
15:09 Stone Mining
15:10 Gold Mining
18:40 Wheelbarrow
26:14 Fletching
25:50 Elite Skirmisher
28:33 Padded Archer Armor
33:48 Imperial Age
35:26 Bow Saw
34:56 Capped Ram
40:17 Onager
bru ofcris
0:53 Loom
13:37 Feudal Age
14:32 Double-Bit Axe
16:20 Wheelbarrow
18:25 Forging
21:57 Castle Age
20:06 Fletching
20:38 Town Watch
22:07 Padded Archer Armor
22:45 Crossbowman
23:23 Bodkin Arrow
25:25 Gold Mining
25:36 Town Watch
26:40 Iron Casting
27:23 Hand Cart
28:12 Ballistics
27:48 Horse Collar
29:52 Town Patrol
33:54 Leather Archer Armor
37:15 Imperial Age
36:05 Masonry
35:52 Murder Holes
39:09 Blast Furnace
39:55 Chemistry
40:00 Siege Engineers
Wurzelsepp
0:59 Loom
13:54 Feudal Age
14:28 Double-Bit Axe
14:27 Horse Collar
20:49 Castle Age
19:11 Fletching
20:05 Padded Archer Armor
23:39 Wheelbarrow
23:41 Red Cliffs Tactics
25:05 Bow Saw
25:01 Heavy Plow
25:27 Gold Mining
25:46 Bodkin Arrow
28:26 Leather Archer Armor
30:06 Hand Cart
30:06 Town Watch
34:15 Gold Shaft Mining
34:35 Ballistics
37:43 Imperial Age
37:19 Masonry
37:48 Treadmill Crane
38:34 Elite Fire Archer
39:35 Conscription
39:36 Bracer
39:43 Squires
40:14 Sitting Tiger
41:22 Forging
Icke
0:39 Loom
11:19 Feudal Age
16:08 Castle Age
16:31 Wheelbarrow
17:26 Stone Mining
17:22 Horse Collar
20:05 Heavy Plow
30:56 Imperial Age
29:23 Town Watch
29:31 Double-Bit Axe
30:23 Hand Cart
31:45 Padded Archer Armor
31:37 Fletching
31:57 Forging
31:53 Scale Barding Armor
33:35 Husbandry
33:45 Bloodlines
34:00 Conscription
34:22 Iron Casting
35:01 Gold Mining
35:01 Stone Mining
35:25 Bow Saw
35:49 Crop Rotation
36:35 Chemistry
35:56 Ballistics
36:12 Elite Ratha (Ranged)
37:18 Murder Holes
38:12 Chain Barding Armor
38:53 Blast Furnace
40:31 Plate Barding Armor
39:52 Bodkin Arrow
40:13 Leather Archer Armor
__As_Sgto_Cabral_Arg
2:13 Loom
13:45 Feudal Age
16:10 Double-Bit Axe
19:42 Castle Age
17:41 Stone Mining
31:04 Pikeman
31:45 Squires
37:04 Imperial Age
35:19 Wheelbarrow
36:04 Fervor
35:48 Gold Mining
35:45 Town Watch
37:15 Padded Archer Armor
37:33 Elite Skirmisher
39:19 Chemistry
38:00 Treadmill Crane
38:30 Masonry
38:17 Fletching
39:03 Bow Saw
39:31 Gold Shaft Mining
38:41 Capped Ram
41:10 Conscription
41:25 Hoardings
40:14 Cavalier
41:16 Husbandry
Connection lost

Rejoining the realm…

Still unreachable

The connection could not be restored.

Session expired

The server has moved on; the page needs a fresh start.